 Dungeon Crawl Stone Soup version 0.20-a0-903-g7e3609c (webtiles) character file.

6153 Ijustatesigmund the Blocker (level 10, -1/56 HPs)
             Began as a Gargoyle Wizard on Mar 20, 2017.
             Was a High Priest of Okawaru.
             Slain by a two-headed ogre
             ... wielding a +0 giant club
              (9 damage)
             ... on level 9 of the Dungeon.
             The game lasted 00:48:29 (12916 turns).

Ijustatesigmund the Blocker (Gargoyle Wizard)      Turns: 12916, Time: 00:48:30

Health: -1/56      AC: 13    Str: 12    XL:     10   Next: 90%
Magic:  5/22       EV: 14    Int: 21    God:    Okawaru [*****.]
Gold:   206        SH: 12    Dex: 19    Spells: 9/25 levels left

rFire    . . .     SeeInvis +   I - +2 mace (venom)
rCold    . . .     Gourm    .   l - +1 robe of the Land of Plenty {*Drain rCorr Dex+6 SInv}
rNeg     + . .     Faith    .   i - +0 buckler
rPois    ∞         Spirit   .   O - +0 helmet (curse)
rElec    +         Reflect  +   e - scarf {repulsion}
rCorr    +         Harm     .   x - +1 pair of gloves (curse)
MR       .....                  (no boots)
Stlth    ++........             r - +5 amulet of reflection
Regen    0.2/turn               K - +5 ring of dexterity
MPRegen  0.2/turn               k - ring of wizardry

@: repel missiles
A: negative energy resistance 1, electricity resistance, unbreathing,
petrification resistance, rot immunity, AC +7
a: Heroism, Finesse, Renounce Religion


You were on level 9 of the Dungeon.
You worshipped Okawaru.
Okawaru was extremely pleased with you.
You were not hungry.

You visited 1 branch of the dungeon, and saw 10 of its levels.
You also visited: Sewer.

You collected 388 gold pieces.
You spent 182 gold pieces at shops.

Inventory:

Hand Weapons
 I - a +2 mace of venom (weapon)
Missiles
 F - 3 throwing nets (quivered)
Armour
 a - a +0 pair of boots
 e - a scarf of repulsion (worn)
 i - a +0 buckler (worn)
 l - the +1 robe of the Land of Plenty (worn) {*Drain rCorr Dex+6 SInv}
   (You found it on level 5 of the Dungeon)

   It affects your dexterity (+6).
   It lets you see invisible.
   It protects you from acid and corrosion.
   It causes draining when unequipped.
 x - a cursed +1 pair of gloves (worn)
 O - a cursed +0 helmet (worn)
Jewellery
 f - an uncursed ring of fire
 j - an uncursed amulet of rage
 k - a ring of wizardry (left hand)
 r - a +5 amulet of reflection (around neck)
 y - an uncursed ring of resist corrosion
 K - a +5 ring of dexterity (right hand)
Wands
 G - a wand of random effects (20/48)
 L - a wand of flame (30/48)
Scrolls
 h - 4 scrolls of recharging
 s - a scroll of amnesia
 u - 3 scrolls of remove curse
 w - a scroll of fog
 C - 4 scrolls of teleportation
 J - 2 scrolls of identify
 N - a scroll of vulnerability
Potions
 g - a potion of invisibility
 m - a potion of cancellation
 n - 2 potions of haste
 o - 4 potions of curing
 q - 2 potions of flight
 t - 3 potions of heal wounds
 v - 2 potions of agility
 z - a potion of might
 A - 2 potions of magic
 M - a potion of ambrosia
Books
 c - a book of Minor Magic

   Spells                             Type                      Level
   a - Magic Dart                     Conjuration                  1
   b - Blink                          Translocation                2
   c - Call Imp                       Summoning                    2
   d - Slow                           Hexes                        2
   e - Conjure Flame                  Conjuration/Fire             3
   f - Mephitic Cloud                 Conjuration/Poison/Air       3
 D - a book of Conjurations

   Spells                             Type                      Level
   a - Magic Dart                     Conjuration                  1
   b - Searing Ray                    Conjuration                  2
   c - Dazzling Spray                 Conjuration/Hexes            3
   d - Fulminant Prism                Conjuration/Hexes            4
   e - Force Lance                    Conjuration/Translocation    4
   f - Iskenderun's Mystic Blast      Conjuration                  4
 E - a book of Misfortune

   Spells                             Type                      Level
   a - Confusing Touch                Hexes                        1
   b - Confuse                        Hexes                        3
   c - Gell's Gravitas                Translocation                3
   d - Petrify                        Transmutation/Earth          4
   e - Metabolic Englaciation         Hexes/Ice                    5
   f - Yara's Violent Unravelling     Hexes/Transmutation          5
Comestibles
 d - 5 bread rations
 p - 4 meat rations
 B - 23 fruits
 H - a royal jelly


   Skills:
 - Level 3.1 Fighting
 - Level 2.5 Maces & Flails
 - Level 3.2 Dodging
 - Level 2.1 Stealth
 - Level 9.4 Shields
 + Level 8.3 Spellcasting
 - Level 6.8 Conjurations
   Level 0.8 Summonings
 - Level 3.2 Translocations
 - Level 2.2 Air Magic
 - Level 2.0 Poison Magic
 - Level 4.2 Invocations


You had 9 spell levels left.
You knew the following spells:

 Your Spells              Type           Power        Failure   Level  Hunger
a - Magic Dart            Conj           ####         1%          1    None
b - Blink                 Tloc           N/A          1%          2    None
c - Mephitic Cloud        Conj/Pois/Air  ###.....     2%          3    None
d - Conjure Flame         Conj/Fire      ###.....     2%          3    None
e - Iskenderun's Mystic   Conj           #####...     2%          4    ###....
f - Dazzling Spray        Conj/Hex       ###...       2%          3    None


Dungeon Overview and Level Annotations

Branches:
Dungeon (10/15)            Temple (0/1) D:4
   Lair: D:8-11         Orc: D:9-12

Altars:
Okawaru

Shops:
D:6 !   D:9 [

Annotations:
D:2 Terence
D:3 Nico3ck's ghost, amateur GrGl


Innate Abilities, Weirdness & Mutations

You are resistant to torment.
Your stone body is resilient. (AC +7)
You are immune to poison.
You resist negative energy. (rN+)
You are resistant to electric shocks. (rElec)
You can survive without breathing.
You are immune to petrification.
You are immune to rotting.


Message History

Casting: Magic Dart
Confirm with . or Enter, or press ? or * to list all spells.
Aiming: Magic Dart
Press: ? - help, Shift-Dir - straight line, f/p - two-headed ogre
Aim: a two-headed ogre, wielding two giant clubs (almost dead)
The magic dart hits the two-headed ogre.
The two-headed ogre is almost dead.
The two-headed ogre hits you with a giant club!
* * * LOW HITPOINT WARNING * * *
The two-headed ogre hits you with a giant club.
* * * LOW HITPOINT WARNING * * *
Casting: Magic Dart
Confirm with . or Enter, or press ? or * to list all spells.
Aiming: Magic Dart
Press: ? - help, Shift-Dir - straight line, f/p - two-headed ogre
Aim: a two-headed ogre, wielding two giant clubs (almost dead)
The magic dart hits the two-headed ogre.
The two-headed ogre is almost dead.
The two-headed ogre hits you with a giant club!
You die...

..................#.......#
#...
.##..##..##.......#O......#
#...
.##..##..##.......'.......#
#...
.##..#...#...######.....
#...
.....#...#...#..........
#...
.....#...#...#..........
#...
.....#...#...'..........
###..#...#...#..........
#..######..#..@O......
##..# #..######..... #...#
#[..# .... #...# ##### .
#####


You could see 2 two-headed ogres.

Vanquished Creatures
  Erica (D:8)
  2 two-headed ogres
  2 hippogriffs (D:8)
  A wyvern (D:8)
  2 yaks
  Duvessa (D:5)
  5 ice beasts
  2 sky beasts
  2 orc warriors (D:6)
  3 centaurs
  4 ogres
  A crocodile (D:4)
  3 big kobolds
  2 bullfrogs
  Dowan (D:5)
  A scorpion (D:8)
  5 wights (D:8)
  2 electric eels (D:8)
  A howler monkey (D:5)
  A crimson imp (D:5)
  A centaur zombie (D:6)
  3 orc priests
  A hound (D:7)
  A jelly (D:8)
  3 orc wizards
  A bullfrog skeleton (D:5)
  2 iguanas
  10 worker ants
  A hound zombie (D:6)
  2 hound skeletons
  21 gnolls
  A howler monkey skeleton (D:6)
  10 adders
  2 river rats
  4 shadow imps
  An ooze (D:4)
  4 adder skeletons
  2 worms (D:2)
  2 dart slugs (D:1)
  4 leopard geckos
  19 orcs
  7 giant cockroaches
  9 goblins
  6 hobgoblins
  6 jackals
  13 kobolds
  3 quokkas
  2 ball pythons
  13 bats
  3 frilled lizards
  A leopard gecko skeleton (D:5)
  12 rats
  A bush (D:4)
213 creatures vanquished.

Vanquished Creatures (others)
  An orc (D:8)
1 creature vanquished.

Grand Total: 214 creatures vanquished

Notes
Turn   | Place    | Note
-------+----------+-------------------------------------------
     0 | D:1      | Ijustatesigmund the Gargoyle Wizard began the quest for the Orb.
     0 | D:1      | Reached XP level 1. HP: 10/10 MP: 4/4
   396 | D:1      | Reached XP level 2. HP: 15/15 MP: 4/6
   400 | D:1      | Learned a level 2 spell: Blink
  1192 | D:2      | Reached XP level 3. HP: 19/19 MP: 3/7
  1437 | D:2      | Found an iron altar of Okawaru.
  1447 | D:2      | Noticed Terence
  1451 | D:2      | Became a worshipper of Warmaster Okawaru
  1456 | D:2      | Learned a level 3 spell: Mephitic Cloud
  1489 | D:2      | Reached skill level 1 in Fighting
  2046 | D:3      | Reached XP level 4. HP: 26/26 MP: 6/8
  2059 | D:3      | Learned a level 3 spell: Conjure Flame
  2133 | D:3      | Noticed Nico3ck's ghost (amateur GrGl)
  3314 | D:4      | Noticed a crocodile
  3322 | D:4      | Killed a crocodile
  3322 | D:4      | Reached skill level 1 in Air Magic
  3322 | D:4      | Reached skill level 1 in Poison Magic
  3322 | D:4      | Reached XP level 5. HP: 32/32 MP: 0/9
  3500 | D:4      | Found a glowing drain.
  3504 | Sewer    | Entered a sewer
  3681 | Sewer    | Noticed a big kobold
  3698 | Sewer    | Killed a big kobold
  3698 | Sewer    | Reached * piety under Okawaru
  3698 | Sewer    | Reached XP level 6. HP: 24/37 MP: 1/10
  3894 | Sewer    | Found a white marble altar of Elyvilon.
  4064 | D:4      | Reached skill level 1 in Maces & Flails
  4187 | D:4      | Found a staircase to the Ecumenical Temple.
  4845 | D:5      | Entered Level 5 of the Dungeon
  4893 | D:5      | Reached skill level 1 in Invocations
  5159 | D:5      | Noticed an ice beast
  5193 | D:5      | Killed an ice beast
  5193 | D:5      | Reached XP level 7. HP: 41/41 MP: 0/12
  5369 | D:5      | Reached ** piety under Okawaru
  5600 | D:6      | Found Maneteb's Distillery.
  5606 | D:6      | Bought a potion of might for 56 gold pieces
  5606 | D:6      | Bought a potion of agility for 56 gold pieces
  5606 | D:6      | Bought a potion of agility for 56 gold pieces
  5606 | D:6      | Bought a potion of degeneration for 14 gold pieces
  6302 | D:5      | Noticed Dowan
  6303 | D:5      | Noticed Duvessa
  6516 | D:5      | Reached XP level 8. HP: 46/46 MP: 7/15
  6522 | D:5      | Reached skill level 5 in Conjurations
  6879 | D:5      | Killed Dowan
  6879 | D:5      | Reached skill level 5 in Spellcasting
  7243 | D:5      | Got a dull robe
  7254 | D:5      | Identified the +1 robe of the Land of Plenty {*Drain rCorr Dex+6 SInv} (You found it on level 5 of the Dungeon)
  7504 | D:5      | Killed Duvessa
  7504 | D:5      | Reached *** piety under Okawaru
  7787 | D:6      | Reached skill level 1 in Translocations
  8646 | D:6      | Reached XP level 9. HP: 50/50 MP: 12/18
  9319 | D:7      | Learned a level 4 spell: Iskenderun's Mystic Blast
  9803 | D:8      | Reached **** piety under Okawaru
 10210 | D:8      | Reached skill level 1 in Shields
 10279 | D:8      | Reached skill level 3 in Shields
 10501 | D:8      | Reached skill level 4 in Shields
 10752 | D:8      | Noticed a two-headed ogre
 10765 | D:8      | Killed a two-headed ogre
 10765 | D:8      | Reached ***** piety under Okawaru
 10765 | D:8      | Reached skill level 7 in Shields
 10765 | D:8      | Reached XP level 10. HP: 43/56 MP: 0/19
 10981 | D:8      | Noticed Erica
 10988 | D:8      | Reached skill level 8 in Shields
 11317 | D:8      | Killed Erica
 11317 | D:8      | Reached skill level 9 in Shields
 12293 | D:9      | Found Ulantan's Antique Armour Shoppe.
 12459 | D:9      | Noticed a two-headed ogre
 12475 | D:9      | Killed a two-headed ogre
 12664 | D:10     | Entered Level 10 of the Dungeon
 12784 | D:10     | Learned a level 3 spell: Dazzling Spray
 12899 | D:9      | Noticed a two-headed ogre
 12916 | D:9      | Slain by a two-headed ogre

Vault maps used:
D:1:      wheals_arrival_shading
D:2:      minmay_kobold_bridge, nicolae_overflow_crystal_walls, first_bread,
          uniq_terence
D:3:      due_unseen_surprise
D:4:      temple_hall, gup_sewer_entry_bowl, lexackson_kobold_supper
D:5:      uniq_duvessa
D:6:      serial_shops, shop
D:7:      lemuel_flamethrower_2
D:8:      blue_anna_alchemist, water_maze_lemuel, uniq_erica
D:9:      serial_shops, shop_statue, kennysheep_generic_room_14
Sewer:    sewer_kobolds

Skill      XL: |  1  2  3  4  5  6  7  8  9 10 |
---------------+-------------------------------+-----
Conjurations   | 2 3 4 6 |  6.8
Fighting       | 1 2 3 |  3.1
Air Magic      | 1 2 |  2.2
Poison Magic   | 1 2 |  2.0
Maces & Flails | 2 |  2.5
Invocations    | 2 4 |  4.2
Spellcasting   | 4 6 8 |  8.3
Translocations | 1 3 |  3.2
Dodging        | 2 3 |  3.2
Shields        | 7 9 |  9.4
Stealth        | |  2.1
Summonings     | |  0.8

Action                   |  1- 3 |  4- 6 |  7- 9 | 10-12 || total
-------------------------+-------+-------+-------+-------++-------
Melee: Whip              |    13 |   188 |   121 |       ||   322
       Mace              |       |       |    12 |    50 ||    62
Throw: Throwing net      |       |     1 |       |       ||     1
 Cast: Magic Dart        |    83 |   164 |   375 |   186 ||   808
       Conjure Flame     |       |     1 |     6 |     1 ||     8
       Mephitic Cloud    |       |       |    25 |     4 ||    29
       Blink             |       |       |     6 |       ||     6
       Iskenderun's Myst |       |       |       |     2 ||     2
       Dazzling Spray    |       |       |       |     1 ||     1
Invok: Heroism           |       |       |       |     1 ||     1
 Abil: Evoke Berserk Rag |       |     1 |     1 |       ||     2
Evoke: Wand              |       |       |       |     1 ||     1
  Use: Scroll            |     8 |     4 |     7 |     1 ||    20
       Potion            |       |     2 |     5 |     3 ||    10
 Stab: Sleeping          |       |       |     1 |       ||     1
  Eat: Chunk             |     3 |     8 |    12 |     6 ||    29
       Royal jelly       |       |     1 |     2 |       ||     3
       Fruit             |       |       |     5 |     1 ||     6
Armor: Robe              |     6 |    47 |    82 |    32 ||   167
Dodge: Dodged            |    14 |    86 |   125 |    51 ||   276
       Deflected         |     2 |     3 |     8 |     2 ||    15
Block: Other             |       |       |    24 |       ||    24
       Reflection        |       |       |     4 |     2 ||     6
       Buckler           |       |       |     6 |    72 ||    78
